Map: 데이터-C

Players

Future - Winner!

  • Race: Terran Terran
  • Spawn Location: 3:00

Jinioh

  • Race: Terran Terran
  • Spawn Location: 9:00

Event: DreamHack SC2 Masters 2022 Atlanta (Offline)

VOD

Have the link to the VOD?

Description

Time

  • Played on: Nov. 18, 2022, 11:29 a.m.
  • Length: 13:15

All games in this series

Show
View Real Time Build Order
Export as new Build Order

Future Terran - Winner!

Build Orders:  

Get SALT Encoding   

  12  0:00  SCV  
  13  0:12  SCV  
  14  0:17  Supply Depot  
  14  0:24  SCV  
  15  0:38  SCV  
  15  0:39  Barracks  
  16  0:43  Refinery  
  16  0:50  SCV  
  16  0:53  Refinery  
  17  1:02  SCV  
  18  1:15  SCV  
  19  1:26  Reaper  
  19  1:27  Orbital Command  
  20  1:34  Supply Depot  
  20  1:41  Factory  
  20  1:52  SCV  
  21  1:59  Reaper  
  22  2:04  SCV  
  23  2:17  SCV  
  24  2:23  Command Center  
  24  2:29  SCV  
  25  2:32  Barracks Reactor  
  25  2:33  Hellion  
  27  2:41  SCV  
  27  2:42  Supply Depot  
  28  2:48  Starport  
  28  2:53  SCV  
  28  2:55  Factory Tech Lab  
  29  3:05  SCV  
  29  3:15  Marine  
  29  3:16  Siege Tank, Marine  
  29  3:17  SCV  
  35  3:27  Medivac  
  35  3:29  SCV  
  35  3:33  Marine  
  39  3:34  Marine  
  39  3:36  Orbital Command  
  40  3:41  SCV  
  40  3:44  Supply Depot  
  41  3:49  Siege Tank  
  41  3:52  Marine  
  41  3:53  SCV  
  41  3:54  Marine  
  47  4:02  SCV  
  48  4:05  SCV  
  49  4:11  Marine  
  49  4:12  Medivac, Marine  
  49  4:14  SCV  
  49  4:15  Supply Depot  
  54  4:18  SCV  
  55  4:26  SCV  
  55  4:30  SCV  
  56  4:32  Marine  
  56  4:33  Marine  
  56  4:36  Siege Tank  
  58  4:38  SCV  
  58  4:42  SCV  
  56  4:50  SCV, Marine x2  
  56  4:52  Command Center  
  55  4:56  Starport Reactor  
  55  5:00  SCV  
  55  5:02  SCV  
  55  5:07  Barracks  
  57  5:09  Barracks, Siege Tank  
  57  5:13  SCV  
  61  5:14  Barracks Tech Lab  
  61  5:15  SCV  
  61  5:16  Refinery  
  61  5:17  Engineering Bay  
  62  5:21  Supply Depot  
  62  5:23  Refinery  
  62  5:25  SCV  
  62  5:27  SCV  
  63  5:35  Marine  
  63  5:38  SCV  
  63  5:39  SCV  
  66  5:44  Siege Tank  
  66  5:46  Starport Reactor  
  69  5:50  SCV  
  69  5:51  SCV  
  69  5:53  Marine  
  69  5:54  Barracks Reactor  
  72  5:57  Barracks, Stimpack  
  72  5:59  Barracks  
  72  6:02  SCV  
  72  6:03  SCV  
  74  6:06  Marine x3  
  74  6:07  Marine  
  78  6:13  Terran Infantry Weapons Level 1, Marine  
  78  6:14  SCV  
  78  6:15  SCV  
  78  6:17  Supply Depot  
  81  6:18  Supply Depot  
  81  6:21  Siege Tank  
  81  6:24  Marine x4  
  88  6:26  SCV  
  88  6:27  SCV  
  88  6:30  Supply Depot  
  90  6:33  Orbital Command  
  90  6:38  SCV  
  91  6:41  Supply Depot  
  91  6:42  Medivac x2  
  91  6:44  SCV  
  91  6:45  Marine  
  91  6:46  Barracks Reactor, Marine  
  98  6:48  Barracks Reactor  
  98  6:51  SCV  
  94  6:56  SCV  
  92  7:03  SCV  
  92  7:04  Marine  
  92  7:05  Siege Tank  
  92  7:07  SCV  
  98  7:08  SCV  
  98  7:12  Supply Depot x2  
  98  7:15  SCV, Marine  
  98  7:16  Marine x2  
  98  7:19  SCV  
  98  7:21  SCV  
  102  7:23  Medivac  
  102  7:28  SCV  
  102  7:29  Marine x6  
  110  7:31  SCV  
  110  7:35  Marine x2  
  113  7:37  Siege Tank  
  113  7:39  SCV  
  113  7:42  Supply Depot  
  113  7:43  Supply Depot  
  117  7:44  Combat Shield  
  117  7:46  SCV x2  
  117  7:48  Marine  
  119  7:53  SCV  
  119  7:55  Marine  
  119  7:56  Marine x4  
  122  8:02  SCV x2  
  124  8:05  SCV  
  124  8:07  Terran Infantry Armor Level 1  
  124  8:08  Marine x2  
  124  8:10  Marine x2  
  124  8:12  Sensor Tower  
  129  8:15  Marine  
  129  8:18  Siege Tank  
  133  8:23  SCV x3  
  136  8:27  Marine x2  
  136  8:28  Marine x5  
  136  8:29  Refinery  
  136  8:33  Refinery, Medivac  
  136  8:34  Medivac  
  143  8:39  Marine x2  
  145  8:45  Marine x5  
  145  8:47  Marine  
  151  8:51  Marine  
  151  8:57  Engineering Bay, Armory  
  151  8:58  Siege Tank  
  151  9:00  Marine  
  151  9:01  Supply Depot x2, Marine  
  151  9:02  Supply Depot, Marine  
  157  9:15  Supply Depot  
  157  9:16  Supply Depot, Marine  
  157  9:17  Marine x2  
  157  9:18  Viking  
  157  9:22  Viking  
  157  9:23  SCV x2  
  161  9:24  SCV  
  162  9:31  Siege Tank  
  165  9:39  Factory, Marine  
  165  9:40  Barracks Reactor, Marine  
  167  9:46  Marine x6  
  143  9:57  Marine x2  
  145  10:03  Siege Tank, Marine  
  145  10:04  Marine x5  
  154  10:12  Viking x2  
  158  10:15  Marine x2  
  158  10:18  Terran Infantry Weapons Level 2  
  158  10:21  SCV, Marine x6  
  159  10:33  Marine x2  
  161  10:36  Marine  
  161  10:39  Marine x4  
  161  10:41  Marine  
  161  10:42  Marine x2  
  119  10:44  Siege Tank  
  119  10:46  Siege Tank  
  120  10:51  Marine x2  
  120  10:54  Marine  
  123  10:57  Marine x4  
  123  10:59  Marine  
  123  11:00  Marine x2  
  130  11:08  Marine  
  130  11:09  Command Center  
  131  11:16  Siege Tank  
  134  11:20  Marine x9  
  143  11:26  Marine  
  143  11:29  Siege Tank  
  147  11:38  Marine  
  147  11:39  Marine x4  
  149  11:40  Marine x4  
  149  11:44  Marine  
  153  11:48  Siege Tank  
  152  11:55  Marine  
  152  11:57  Marine x8  
  152  12:01  Siege Tank  
  164  12:02  Marine  
  164  12:11  SCV x2  
  164  12:12  SCV  
  164  12:13  Marine  
  164  12:15  Marine x5  
  169  12:17  Marine  
  169  12:20  Siege Tank  
  173  12:22  Marine  
  173  12:23  Marine x2  
  167  12:31  Marine  
  167  12:33  Siege Tank, Marine x5  
  167  12:35  Marine  
  164  12:38  Medivac  
  164  12:40  Marine x3  
  167  12:49  Marine  
  167  12:50  SCV  
  167  12:51  Sensor Tower  
  169  12:52  Marine  
  167  13:03  SCV x2  
Show
View Real Time Build Order
Export as new Build Order

Jinioh Terran 

Build Orders: Reaper Expand 

Get SALT Encoding   

  12  0:00  SCV  
  13  0:12  SCV  
  14  0:17  Supply Depot  
  14  0:24  SCV  
  15  0:38  SCV  
  15  0:40  Barracks  
  16  0:43  Refinery  
  16  0:50  SCV  
  17  1:02  SCV  
  18  1:14  SCV  
  19  1:26  Reaper  
  19  1:27  Orbital Command  
  20  1:39  Command Center  
  20  1:46  Supply Depot  
  20  1:52  SCV  
  21  1:58  Marine  
  22  2:02  Factory  
  22  2:07  SCV  
  23  2:13  Refinery  
  23  2:17  Marine  
  23  2:19  SCV  
  23  2:22  Bunker  
  25  2:31  SCV  
  25  2:35  Marine  
  26  2:43  SCV  
  27  2:47  Hellion  
  27  2:50  Starport  
  29  2:57  Barracks Reactor  
  29  2:58  SCV  
  30  3:08  Factory Tech Lab  
  30  3:10  SCV  
  30  3:11  Orbital Command  
  31  3:15  Refinery  
  31  3:22  SCV  
  31  3:26  Cyclone  
  35  3:32  Viking  
  37  3:34  SCV  
  37  3:39  Supply Depot  
  37  3:41  SCV  
  39  3:46  SCV, Marine  
  41  3:48  Marine  
  41  3:53  SCV  
  43  3:58  SCV  
  43  4:01  Siege Tank  
  47  4:04  Supply Depot  
  47  4:05  SCV  
  47  4:08  Starport Tech Lab  
  48  4:10  Marine  
  48  4:13  Marine  
  48  4:14  SCV  
  51  4:21  Supply Depot  
  51  4:24  SCV  
  51  4:28  SCV  
  49  4:35  Marine x2  
  49  4:36  SCV  
  45  4:40  SCV  
  43  4:47  Raven  
  43  4:49  SCV  
  43  4:52  SCV  
  45  4:53  Siege Tank, Marine x2  
  50  5:03  SCV  
  50  5:04  SCV  
  50  5:05  Command Center  
  52  5:12  Marine x2  
  54  5:15  SCV  
  54  5:16  SCV  
  56  5:21  Barracks  
  56  5:22  Barracks  
  56  5:27  Supply Depot, SCV  
  57  5:30  Raven  
  57  5:32  SCV  
  60  5:37  Siege Tank  
  60  5:38  Marine  
  60  5:39  SCV  
  60  5:41  Marine  
  66  5:44  SCV  
  67  5:51  Engineering Bay  
  67  5:52  Engineering Bay, SCV  
  68  5:57  SCV  
  68  5:58  Supply Depot  
  68  6:00  Marine x2  
  72  6:04  Supply Depot, Refinery, SCV  
  72  6:09  SCV  
  73  6:11  Siege Tank  
  73  6:12  Barracks Reactor x2  
  73  6:18  Orbital Command  
  76  6:26  Viking x2  
  76  6:27  SCV  
  81  6:33  Stimpack  
  81  6:34  Terran Infantry Weapons Level 1  
  81  6:36  Supply Depot  
  81  6:38  SCV  
  81  6:39  Terran Infantry Armor Level 1  
  82  6:40  Marine  
  82  6:42  SCV  
  84  6:51  Siege Tank  
  87  6:55  Barracks  
  87  6:56  Barracks  
  87  6:57  SCV  
  87  6:58  Marine  
  87  6:59  SCV  
  87  7:01  Marine x2  
  92  7:03  SCV  
  92  7:08  Marine x2  
  94  7:09  SCV  
  94  7:11  SCV  
  96  7:16  Marine  
  96  7:18  Marine x2  
  99  7:24  SCV  
  99  7:26  Supply Depot, Marine x2  
  99  7:27  Supply Depot, SCV  
  103  7:31  SCV  
  103  7:34  Supply Depot, Marine  
  103  7:35  Sensor Tower  
  103  7:36  SCV, Marine x2  
  108  7:42  Siege Tank  
  108  7:43  Marine x2  
  108  7:44  SCV  
  114  7:48  SCV  
  114  7:51  Medivac x2  
  117  7:52  SCV, Marine  
  117  7:54  Marine  
  123  8:03  Marine x3  
  127  8:08  Barracks Reactor  
  127  8:09  Barracks Reactor  
  127  8:10  Marine  
  127  8:12  Marine  
  126  8:13  Armory  
  126  8:15  Combat Shield  
  126  8:19  SCV  
  125  8:21  Marine x3  
  125  8:23  SCV  
  125  8:25  SCV  
  130  8:27  Marine  
  130  8:30  Marine  
  130  8:31  SCV  
  130  8:34  Medivac x2  
  130  8:39  Marine x3  
  137  8:44  Marine x2  
  137  8:45  Marine  
  137  8:47  Marine  
  141  8:54  Supply Depot, Marine x2  
  143  8:57  Marine x3  
  143  9:00  Siege Tank  
  149  9:07  Marine x4  
  149  9:08  Supply Depot  
  153  9:12  Marine x2  
  153  9:14  Marine x2  
  153  9:15  Marine  
  158  9:18  Supply Depot  
  153  9:25  Marine x4  
  153  9:27  Terran Infantry Weapons Level 2  
  153  9:29  Marine  
  158  9:33  Marine x2  
  158  9:35  Siege Tank  
  158  9:36  Marine  
  158  9:38  SCV  
  165  9:39  Marine  
  158  9:49  Marine  
  158  9:50  Marine  
  158  9:51  SCV  
  140  9:54  Marine  
  140  9:55  Orbital Command  
  140  9:57  Marine x2  
  143  10:00  Marine x3  
  143  10:02  SCV, Sensor Tower  
  147  10:10  Siege Tank  
  147  10:12  Marine  
  147  10:13  Marine  
  152  10:15  Barracks Reactor, Marine  
  152  10:18  SCV, Marine  
  155  10:25  Marine x3  
  155  10:27  Marine  
  159  10:30  Marine  
  159  10:31  Marine  
  159  10:32  Missile Turret  
  161  10:41  Marine  
  119  10:49  Marine x6  
  102  10:50  Marine x3  
  102  10:56  SCV  
  110  10:59  Terran Vehicle Weapons Level 1, Marine  
  110  11:01  Sensor Tower  
  111  11:07  Marine x3  
  111  11:08  SCV  
  115  11:12  Marine  
  115  11:14  Supply Depot, Marine x5  
  115  11:16  Siege Tank  
  124  11:18  Factory  
  124  11:19  Marine  
  124  11:25  Marine x3  
  128  11:29  Marine  
  128  11:32  Marine  
  129  11:36  Marine x2  
  131  11:40  Marine  
  131  11:42  SCV, Marine  
  131  11:45  Marine  
  131  11:46  Marine x2  
  136  11:47  SCV  
  136  11:48  SCV, Siege Tank  
  136  11:52  Marine x3  
  136  11:53  Marine x2  
  144  11:58  Sensor Tower  
  144  12:02  Siege Tank  
  144  12:07  Command Center, Marine x2  
  144  12:08  Marine x2  
  149  12:10  Marine x2  
  149  12:11  SCV  
  149  12:13  Medivac x2  
  149  12:14  SCV  
  159  12:17  Marine  
  159  12:18  Marine  
  159  12:20  Siege Tank  
  164  12:29  Marine x4  
  135  12:31  Marine x3  
  135  12:32  Marine  
  135  12:33  SCV  
  135  12:35  Marine  
  135  12:36  Marine  
  121  12:40  Siege Tank  
  121  12:41  SCV  
  112  12:47  Marine x4  
  112  12:49  Marine x3  
  112  12:50  Marine  
  121  12:51  SCV  
  121  12:53  Marine  
  121  12:54  Marine  
Tags
 
Add a new tag
Caveats
  • Supply blocks, unpowered buildings, or Contaminate may cause inaccurate times.
  • Supply counts are checked every 10 seconds.